 Dungeon Crawl Stone Soup version 0.30-a0-1160-g6e42c06551 (webtiles) character file.

Game seed: 3453476802768199833

1281 Newt the Shooter (level 8, -10/60 HPs)
             Began as a Demonspawn Gladiator on Apr 25, 2023.
             Mangled by an ogre
             ... wielding a +0 giant spiked club
              (14 damage)
             ... on level 6 of the Dungeon.
             The game lasted 00:05:19 (4686 turns).

Newt the Shooter (Demonspawn Gladiator)             Turns: 4686, Time: 00:05:20

Health: -10/60     AC: 14    Str: 18    XL:     8   Next: 29%
Magic:  8/8        EV: 10    Int: 11    God:
Gold:   274        SH: 14    Dex: 14    Spells: 7/7 levels left

rFire   + . .        u - +9 sling "Wiymnuuf" {freeze, Int+2}
rCold   . . .        t - +0 tower shield
rNeg    . . .        h - +4 chain mail
rPois   .            c - +1 helmet
rElec   .            (no cloak)
rCorr   .            (no gloves)
SInv    .            (no boots)
Will    .....        (no amulet) Stlth
                     p - +5 ring of evasion
HPRegen 0.30/turn    w - ring of protection from fire
MPRegen 0.11/turn

%: clarity
@: marked, on berserk cooldown, attractive, slowed, invisible, very slow
A: claws 1, hooves 2, powered by death 1, condensation shield, clarity
a: no special abilities


You were on level 6 of the Dungeon.
You visited 1 branch of the dungeon, and saw 6 of its levels.

You collected 274 gold pieces.

Inventory:

Hand Weapons
 a - a +1 rapier of draining
 q - a +2 dagger of venom
 u - the +9 sling "Wiymnuuf" (weapon) {freeze, Int+2}
   (You found it on level 4 of the Dungeon)

   Int:       It affects your intelligence (+2).
Missiles
 d - 2 throwing nets
 e - 3 javelins
 g - 62 stones
Armour
 b - a +0 leather armour
 c - a +1 helmet (worn)
 h - a +4 chain mail (worn)
 t - a +0 tower shield (worn)
Jewellery
 p - a +5 ring of evasion (left claw)
 w - a ring of protection from fire (right claw)
 y - a ring of willpower
 B - a ring of ice
Wands
 v - a wand of acid (13)
Scrolls
 i - a scroll of teleportation
 l - 6 scrolls of poison
 r - a scroll of enchant armour
 s - a scroll of enchant weapon
 x - a scroll of identify
 A - a scroll of fear
Potions
 f - a potion of degeneration
 j - a potion of attraction
 n - a potion of heal wounds
 o - a potion of ambrosia {unknown}
 z - a potion of berserk rage


   Skills:
 - Level 4.0 Fighting
 - Level 4.0 Short Blades
 + Level 6.0 Ranged Weapons
 - Level 3.5 Throwing
 - Level 5.0 Dodging


You had 7 spell levels left.
You didn't know any spells.
Your spell library contained the following spells:

 Spells                   Type           Power      Damage    Failure   Level
 Necrotise                Necr           0%         1d4       100%        1
 Cigotuvi's Dreadful Rot  Necr/Pois/Air  0%         N/A       100%        2
 Lesser Beckoning         Tloc           0%         N/A       100%        2
 Call Canine Familiar     Summ           0%         N/A       100%        3
 Gell's Gravitas          Tloc           0%         N/A       100%        3
 Ignite Poison            Fire/Tmut/Pois 0%         N/A       100%        3
 Portal Projectile        Hex/Tloc       0%         N/A       100%        3
 Teleport Other           Tloc           0%         N/A       100%        3
 Vampiric Draining        Necr           0%         2d6       100%        3
 Leda's Liquefaction      Hex/Erth       0%         N/A       100%        4
 Agony                    Necr           0%         N/A       100%        5
 Freezing Cloud           Conj/Ice/Air   0%         6-21      100%        5


Dungeon Overview and Level Annotations

Branches:
Dungeon (6/15)             Temple (0/1) D:5

Altars:
Cheibriados
Fedhas
Vehumet

Shops:
D:5 =


Innate Abilities, Weirdness & Mutations

You have sharp fingernails.
You have hoof-like feet.
You regenerate a little health from kills.
A meltable shield of frost defends you. (SH +4)
You possess an exceptional clarity of mind.


Message History

The orc priest mumbles some strange prayers to Beogh against you.
Beogh smites you!
The orc wizard hits you but does no damage.
Something hits you but does no damage. The orc closely misses you.
The ogre hits you with a +0 giant spiked club.
The hound pauses to sniff the ground.
The hound barely misses you. The orc wizard casts a spell at you.
The magic dart hits you but does no damage.
The orc hits you but does no damage. Something hits you but does no damage.
The hound barely misses you.
The orc priest casts a cantrip, but nothing happens.
The ogre hits you with a +0 giant spiked club!
Something hits you.
* * * LOW HITPOINT WARNING * * *
The orc wizard hits you but does no damage.
The orc misses you.
You are too confused!
It was a potion of invisibility.
You fade into invisibility!
The hound bites you but does no damage. The hound closely misses you.
The orc wizard closely misses you.
You hear some strange, mumbled words.
A magic dart appears from out of thin air!
The magic dart hits you but does no damage.
The orc barely misses you. The ogre closely misses you.
The hound barely misses you.
It was a potion of mutation.
You feel extremely strange.
You feel clumsy.
You feel agile.
Your thoughts seem clearer.
You feel less confused. The hound barely misses you.
Something hits you but does no damage. You block the orc wizard's attack.
The orc hits you but does no damage.
The orc priest invokes the aid of Beogh against you.
Beogh smites you!
* * * LOW HITPOINT WARNING * * *
The hound bites you but does no damage.
A necrophage comes into view.
You block something's attack.
The ogre hits you with a +0 giant spiked club!
You die...

# #.
####.#########
......o{@h...#
##....ooO...#
#..<.Oo....#
#..........#
.............#
###.#........'<
#.#........### #
######+#n######.#
#........#


You could see 2 ogres, a necrophage (unable to see you), a hound, an orc priest
(unable to see you), an orc wizard (unable to see you) and 2 orcs.

Vanquished Creatures
  Grinder (D:3)
  Sigmund (D:3)
  Eustachio (D:4)
  Duvessa (D:5)
  An ogre (D:5)
  A scorpion (D:6)
  Dowan (D:5)
  A hound (D:5)
  An orc priest (D:5)
  A gnoll bouda (D:4)
  2 iguanas
  2 sleepcaps
  4 orc wizards
  5 gnolls
  6 adders
  A worm (D:2)
  A dart slug (D:1)
  11 orcs
  8 ball pythons
  3 bats
  9 endoplasms
  2 giant cockroaches
  5 goblins
  9 hobgoblins
  4 jackals (D:1)
  6 kobolds
  A quokka (D:2)
  4 frilled lizards
  12 rats
105 creatures vanquished.

Notes
Turn   | Place    | Note
-------+----------+-------------------------------------------
     0 | D:1      | Newt the Demonspawn Gladiator began the quest for the Orb.
     0 | D:1      | Reached XP level 1. HP: 16/16 MP: 1/1
   106 | D:1      | Gained mutation: A meltable shield of frost defends you.
                  | (SH +4) [demonic ancestry]
   106 | D:1      | Reached XP level 2. HP: 23/23 MP: 2/2
   349 | D:1      | Gained mutation: You regenerate a little health from kills.
                  | [demonic ancestry]
   349 | D:1      | Reached XP level 3. HP: 26/29 MP: 3/3
  1613 | D:2      | Reached XP level 4. HP: 37/37 MP: 4/4
  2159 | D:3      | Noticed Sigmund
  2169 | D:3      | Discovered your monstrous ancestry.
  2169 | D:3      | Gained mutation: You have large cloven feet. [demonic
                  | ancestry]
  2169 | D:3      | Reached XP level 5. HP: 36/42 MP: 5/5
  2183 | D:3      | Killed Sigmund
  2184 | D:3      | Reached XP level 6. HP: 44/48 MP: 6/6
  2192 | D:3      | Found a snail-covered altar of Cheibriados.
  2369 | D:3      | Noticed Grinder
  2387 | D:3      | Paralysed by Grinder for 4 turns
  2404 | D:3      | Killed Grinder
  2405 | D:3      | Reached skill level 5 in Dodging
  2405 | D:3      | Gained mutation: You have hoof-like feet. [demonic
                  | ancestry]
  2405 | D:3      | Reached XP level 7. HP: 19/54 MP: 7/7
  2863 | D:4      | Identified the +9 sling "Wiymnuuf" {freeze, Int+2}
  3221 | D:5      | Entered Level 5 of the Dungeon
  3232 | D:4      | Reached skill level 1 in Ranged Weapons
  3494 | D:5      | Noticed Eustachio
  3513 | D:4      | Reached skill level 2 in Ranged Weapons
  3521 | D:4      | Killed Eustachio
  3522 | D:4      | Reached skill level 3 in Ranged Weapons
  3839 | D:5      | Found Pilunuut's Jewellery Shop.
  3938 | D:5      | Found a staircase to the Ecumenical Temple.
  4041 | D:5      | Reached skill level 4 in Ranged Weapons
  4071 | D:5      | Noticed Duvessa
  4071 | D:5      | Noticed Dowan
  4079 | D:5      | Killed Duvessa
  4089 | D:5      | Killed Dowan
  4090 | D:5      | Gained mutation: You have sharp fingernails. [demonic
                  | ancestry]
  4090 | D:5      | Reached XP level 8. HP: 45/60 MP: 8/8
  4187 | D:5      | Reached skill level 5 in Ranged Weapons
  4503 | D:5      | Found a blossoming altar of Fedhas.
  4651 | D:6      | Found a radiant altar of Vehumet.
  4665 | D:6      | Reached skill level 6 in Ranged Weapons
  4686 | D:6      | Gained mutation: You are clumsy. (Dex -2) [potion of
                  | mutation]
  4686 | D:6      | Lost mutation: You are clumsy. (Dex -2) [potion of
                  | mutation]
  4686 | D:6      | Gained mutation: You possess an exceptional clarity of
                  | mind. [potion of mutation]
  4686 | D:6      | Mangled by an ogre

Illustrated notes

Levels and vault maps discovered:
D:1:      dpeg_arrival_rooms_c, layout_basic
D:2:      minmay_evil_eye, layout_loops_cross, chequers_serial_rivers_marsh,
          amcnicky_mini_rare_corridor_liquid, roderic_cross_of_infinity,
          minivault_4
D:3:      layout_rooms, cheibriados_altar_1, uniq_grinder, uniq_sigmund
D:4:      layout_loops_ring, st_stairs_6
D:5:      layout_loops_ring, marbit_many_paths,
          mainiacjoe_overflow_six_doors_small, minmay_temple_entry_from_below_b,
          serial_shops, shop, uniq_eustachio, uniq_duvessa
D:6:      layout_basic, lemuel_mausoleum_altar_yredelemnul,
          overflow_temple_1_default, kennysheep_windowed_goal

Skill      XL: |  1  2  3  4  5  6  7  8 |
---------------+-------------------------+-----
Fighting       | 3 4 |  4.0
Short Blades   | 3 4 |  4.0
Dodging        | 3 4 5 |  5.0
Throwing       | 3 |  3.5
Ranged Weapons | 4 6 |  6.0

Action                     |  1- 3 |  4- 6 |  7- 9 || total
---------------------------+-------+-------+-------++-------
  Melee: Rapier            |   158 |     1 |       ||   159
         Punch             |     2 |     2 |       ||     4
         Dagger            |       |    86 |    17 ||   103
         Kick              |       |    14 |     3 ||    17
         Sling             |       |       |     4 ||     4
   Fire: Sling             |       |       |   103 ||   103
  Throw: Throwing net      |       |     1 |       ||     1
    Use: Scroll            |     6 |     4 |     2 ||    12
         Potion            |       |       |     5 ||     5
 Armour: Leather armour    |    46 |     8 |       ||    54
         Chain mail        |       |    29 |    95 ||   124
  Dodge: Dodged            |   122 |    40 |    77 ||   239
  Block: Other             |    21 |    12 |       ||    33
         Tower shield      |       |       |    87 ||    87

Table legend: (Time is in decaauts)
 A = Elapsed time spent in this place.
 B = Non-inter-level travel time spent in this place.
 C = Inter-level travel time spent in this place.
 D = Time resting spent in this place.
 E = Time spent auto-exploring this place.
 F = Levels seen in this place.
 G = Mean time per level.
                   A        B        C        D        E       F      G
               +--------+--------+--------+--------+--------+-----+--------+
         Total |   4798 |   4591 |    207 |    720 |   3011 |   6 |  799.7 |
       Dungeon |   4798 |   4591 |    207 |    720 |   3011 |   6 |  799.7 |
               +--------+--------+--------+--------+--------+-----+--------+

Top non-repeatable levels by time:
     D:4: 1136 daAuts
     D:5: 964 daAuts
     D:1: 953 daAuts
     D:3: 920 daAuts
     D:2: 779 daAuts
     D:6: 43 daAuts
